 Dungeon Crawl Stone Soup version 0.31-a0-564-g3b7de120b3 (webtiles) character file.

Game seed: 8882460054363194556

6710 randomguy2701 the Cleaver (level 11, -5/130 (141) HPs)
             Began as a Hill Orc Fighter on Aug 17, 2023.
             Was a Believer of Beogh.
             Slain by a two-headed ogre
             ... wielding a +0 giant spiked club
              (6 damage)
             ... on level 10 of the Dungeon.
             The game lasted 00:19:07 (10224 turns).

randomguy2701 the Cleaver (Hill Orc Fighter)       Turns: 10224, Time: 00:19:08

HP:   -5/130 (141)  AC: 16    Str: 24    XL:     11   Next: 3%
MP:   23/23         EV:  6    Int:  6    God:    Beogh [**....]
Gold: 657           SH: 18    Dex: 21    Spells: 10/10 levels left

rFire   . . .        L - +2 hand axe (elec)
rCold   . . .        A - +0 tower shield
rNeg    . . .        B - +0 plate armour
rPois   +            v - +0 helmet
rElec   .            (no cloak)
rCorr   +            K - +0 pair of gloves of Juwaly {MP+9 Str+2 Int-2 Dex+9}
SInv    .            (no boots)
Will    .....        (no amulet) Stlth
                     e - ring of poison resistance
HPRegen 0.41/turn    J - ring of resist corrosion
MPRegen 0.18/turn

%: no passive effects
@: mighty, berserking, hasted (expiring), drained, very quick
A: no striking features
a: Renounce Religion, Smiting


You were on level 10 of the Dungeon.
You worshipped Beogh.
Beogh was pleased with you.
You visited 1 branch of the dungeon, and saw 10 of its levels.

You collected 657 gold pieces.

Inventory:

Hand Weapons
 L - a +2 hand axe of electrocution (weapon)
Armour
 v - a +0 helmet (worn)
 A - a +0 tower shield (worn)
 B - a +0 plate armour (worn)
 K - the +0 pair of gloves of Juwaly (worn) {MP+9 Str+2 Int-2 Dex+9}
   (You found it on level 7 of the Dungeon)

   Str+2:     It affects your strength (+2).
   Int-2:     It affects your intelligence (-2).
   Dex+9:     It affects your dexterity (+9).
   MP+9:      It affects your magic capacity (+9).
Jewellery
 e - a ring of poison resistance (left hand)
 w - a +6 ring of strength
 z - a ring of fire
 J - a ring of resist corrosion (right hand)
 N - a ring of see invisible
Wands
 c - a wand of flame (32)
 o - a wand of digging (15)
 u - a wand of charming (1)
 y - a wand of iceblast (9)
Scrolls
 a - a scroll of enchant armour {unknown}
 b - a scroll of teleportation {unknown}
 k - a scroll of vulnerability
 l - a scroll of identify
 m - a scroll of brand weapon {unknown}
 p - a scroll of fear
 q - a scroll of fog {unknown}
 t - a scroll of poison {unknown}
 x - a scroll of acquirement {unknown}
 C - a scroll of immolation {unknown}
 F - a scroll of revelation {unknown}
 M - 2 scrolls of blinking {unknown}
Potions
 g - a potion of resistance
 h - 3 potions of curing
 i - a potion of heal wounds
 j - a potion of ambrosia
 n - a potion of lignification
 r - a potion of mutation
 E - a potion of degeneration {unknown}
 G - a potion of invisibility
 H - a potion of experience {unknown}
 I - a potion of cancellation {unknown}
 O - 2 potions of enlightenment {unknown}


   Skills:
 + Level 8.2 Fighting
 + Level 12.8 Axes
 + Level 8.9 Armour
 - Level 2.1 Dodging
 + Level 9.2 Shields
 + Level 4.8 Invocations
 + Level 1.0 Evocations


You had 10 spell levels left.
You didn't know any spells.
Your spell library contained the following spells:

 Spells                   Type           Power      Damage    Failure   Level
 Freeze                   Ice            0%         1d3       100%        1
 Magic Dart               Conj           0%         1d3       100%        1
 Call Imp                 Summ           0%         N/A       100%        2
 Poisonous Vapours        Pois/Air       0%         N/A       100%        2
 Static Discharge         Conj/Air       0%         2-2/arc   100%        2
 Frozen Ramparts          Ice            0%         1d1       100%        3
 Hailstorm                Conj/Ice       0%         3d3       100%        3
 Mephitic Cloud           Conj/Pois/Air  0%         N/A       100%        3
 Airstrike                Air            0%         2d(0-16)  100%        4
 Summon Lightning Spire   Summ/Air       0%         N/A       100%        4
 Freezing Cloud           Conj/Ice/Air   0%         6-21      100%        5


Dungeon Overview and Level Annotations

Branches:
Dungeon (10/15)            Temple (0/1) D:5            Lair (0/5) D:9
    Orc: D:9-12

Altars:
Dithmenos
Gozag
Kikubaaqudgha
Nemelex Xobeh
Okawaru
Trog
Uskayaw
Xom

Shops:
D:6 ?


Message History

You feel very mighty all of a sudden.
A red film seems to cover your vision as you go berserk!
You feel yourself moving faster!
You feel mighty!
The centaur warrior unwields a +0 shortbow.
The centaur warrior wields the +7 quarterstaff of Cyzohyq {drain, rN+ Str+5 SInv}.
You sense an unholy aura.
The centaur warrior hits you with the +7 quarterstaff of Cyzohyq {drain, rN+ Str+5 SInv}.
You feel drained. The centaur warrior kicks you.
A bunyip comes into view.
The bunyip gives a hideous shriek!
You slash the centaur warrior!
The centaur warrior is moderately wounded.
You hear a shout!
The centaur warrior hits you with the +7 quarterstaff of Cyzohyq {drain, rN+ Str+5 SInv}.
You feel drained. You block the centaur warrior's attack.
You barely miss the centaur warrior.
The centaur warrior is moderately wounded.
The centaur warrior hits you with the +7 quarterstaff of Cyzohyq {drain, rN+ Str+5 SInv}.
* * * LOW HITPOINT WARNING * * *
You feel drained.
* * * LOW HITPOINT WARNING * * *
You block the centaur warrior's attack.
A troll comes into view.
You hit the centaur warrior.
The centaur warrior is moderately wounded.
You slash the two-headed ogre!
Your extra speed is starting to run out.
You block the centaur warrior's attack. x2
You hit the centaur warrior.
The centaur warrior is moderately wounded.
You hit the two-headed ogre.
The centaur warrior hits you with the +7 quarterstaff of Cyzohyq {drain, rN+ Str+5 SInv}.
* * * LOW HITPOINT WARNING * * *
You feel drained.
* * * LOW HITPOINT WARNING * * *
The centaur warrior barely misses you.
The two-headed ogre hits you with a +0 giant spiked club!!
* * * LOW HITPOINT WARNING * * *
The two-headed ogre hits you with a +0 giant spiked club.
You die...

##..####..##.......#
#..####.##......###
#.......#.T..####
######..#..###..
##.#)').......
##.##)#..###..#
#.#.x.#....# #
#cO)[)##......
#@#....##..... #
#.##....##.... ##
#.###....###+# ##.
#.# #.##.# #.. #.#
#.##.# .#.⌠ #.#
#.##.# #'..
#.###†##.# #.⌠
#.s.#.##.# #..
###.#....########.


You could see a bunyip, a wolf spider, a centaur warrior, a two-headed ogre and
a troll.

Vanquished Creatures
  A two-headed ogre (D:7)
  A kobold demonologist (D:10)
  A troll (D:10)
  A hornet (D:10)
  A shadow (D:10)
  2 wyverns
  9 yaks
  Grum (D:9)
  A vampire mosquito (D:10)
  A water moccasin (D:7)
  An orc warrior (D:8)
  5 ice beasts
  2 ogres (D:6)
  4 wolves (D:9)
  3 centaurs
  A phantom (D:5)
  2 bullfrogs
  A kobold brigand (D:9)
  A gnoll sergeant (D:8)
  6 scorpions
  A wight (D:10)
  8 killer bees
  3 howler monkeys
  2 hounds
  Crazy Yiuf (D:2)
  An orc priest (D:6)
  2 jellies
  3 sleepcaps
  12 orc wizards
  Natasha (twice) (D:4)
  Robin (D:4)
  6 adders
  3 gnolls (D:8)
  3 white imps
  An ufetubus (D:5)
  A worm (D:3)
  3 dart slugs
  27 orcs
  8 ball pythons
  6 bats
  15 endoplasms
  4 giant cockroaches
  18 goblins
  17 hobgoblins
  4 jackals (D:1)
  5 quokkas
  4 frilled lizards
  17 kobolds
  3 rats
226 creatures vanquished.

Vanquished Creatures (others)
  Natasha (D:4)
  2 orcs (D:4)
3 creatures vanquished.

Grand Total: 229 creatures vanquished

Notes
Turn   | Place    | Note
-------+----------+-------------------------------------------
     0 | D:1      | randomguy2701 the Hill Orc Fighter began the quest for the
                  | Orb.
     0 | D:1      | Reached XP level 1. HP: 19/19 MP: 1/1
   161 | D:1      | Reached XP level 2. HP: 27/27 MP: 2/2
   227 | D:1      | Reached skill level 3 in Axes
   300 | D:1      | Reached XP level 3. HP: 30/33 MP: 3/3
  1231 | D:2      | Reached skill level 4 in Axes
  1231 | D:2      | Reached XP level 4. HP: 24/40 MP: 4/4
  1758 | D:2      | Found a runed translucent door.
  1759 | D:2      | Noticed Crazy Yiuf
  2299 | D:3      | Reached XP level 5. HP: 43/47 MP: 5/5
  2530 | D:4      | Noticed Robin
  2540 | D:3      | Reached skill level 5 in Axes
  2596 | D:4      | Killed Robin
  2671 | D:4      | Identified the +2 whip of Qoytrar {spect, Stlth+}
  2797 | D:4      | Noticed Natasha
  2801 | D:4      | Killed Natasha
  2802 | D:4      | Reached XP level 6. HP: 53/53 MP: 6/6
  2841 | D:4      | Became a worshipper of Beogh the Brigand
  2899 | D:4      | Reached skill level 6 in Axes
  2906 | D:4      | Killed Natasha
  3044 | D:5      | Entered Level 5 of the Dungeon
  3066 | D:5      | Noticed an ice beast
  3140 | D:4      | Noticed Natasha
  3147 | D:4      | Killed Natasha
  3672 | D:5      | Killed an ice beast
  3673 | D:5      | Reached skill level 5 in Fighting
  3673 | D:5      | Reached skill level 1 in Invocations
  3673 | D:5      | Reached XP level 7. HP: 47/61 MP: 6/8
  3732 | D:5      | Reached skill level 7 in Axes
  3732 | D:5      | Reached skill level 1 in Dodging
  3866 | D:5      | Found a hide-covered altar of Uskayaw.
  3947 | D:5      | Found a bloodstained altar of Trog.
  4404 | D:5      | Found a staircase to the Ecumenical Temple.
  4673 | D:6      | Reached skill level 5 in Armour
  4772 | D:6      | Reached XP level 8. HP: 69/69 MP: 10/10
  4798 | D:6      | Reached skill level 8 in Axes
  5112 | D:6      | Reached * piety under Beogh
  5150 | D:6      | Found Ydeticua's Magic Scroll Shop.
  5233 | D:6      | Reached skill level 5 in Shields
  5485 | D:6      | Reached skill level 9 in Axes
  5487 | D:6      | Found a sparkling altar of Nemelex Xobeh.
  5865 | D:2      | Killed Crazy Yiuf
  6158 | D:7      | Noticed a two-headed ogre
  6170 | D:7      | Killed a two-headed ogre
  6171 | D:7      | Reached XP level 9. HP: 10/78 MP: 12/12
  6411 | D:7      | Reached skill level 10 in Axes
  6520 | D:7      | Identified the +0 pair of gloves of Juwaly {MP+9 Str+2
                  | Int-2 Dex+9}
  6889 | D:7      | Reached skill level 1 in Evocations
  7220 | D:7      | Found an iron altar of Okawaru.
  7535 | D:7      | Reached XP level 10. HP: 33/86 MP: 13/13
  7878 | D:8      | Found a shadowy altar of Dithmenos.
  7878 | D:8      | Found an opulent altar of Gozag.
  7930 | D:8      | Reached ** piety under Beogh
  7941 | D:8      | Reached skill level 11 in Axes
  8809 | D:9      | Found a staircase to the Lair.
  8955 | D:9      | Noticed Grum
  8971 | D:9      | Killed Grum
  9542 | D:10     | Entered Level 10 of the Dungeon
  9720 | D:10     | Reached skill level 12 in Axes
  9732 | D:10     | Noticed a kobold demonologist
  9732 | D:10     | Noticed a two-headed ogre
  9734 | D:10     | Noticed a manticore
 10089 | D:10     | Killed a kobold demonologist
 10090 | D:10     | Reached XP level 11. HP: 91/94 MP: 14/14
 10112 | D:10     | Found an ancient bone altar of Kikubaaqudgha.
 10113 | D:10     | Found a shimmering altar of Xom.
 10115 | D:10     | Found a shimmering altar of Xom.
 10115 | D:10     | Found an opulent altar of Gozag.
 10168 | D:10     | Noticed a boulder beetle
 10168 | D:10     | Noticed a wolf spider
 10168 | D:10     | Noticed a purple ugly thing
 10214 | D:10     | Identified the +7 quarterstaff of Cyzohyq {drain, rN+ Str+5
                  | SInv}
 10214 | D:10     | Noticed a centaur warrior
 10220 | D:10     | Noticed a bunyip
 10224 | D:10     | HP: 1/130 [two-headed ogre/+0 giant spiked club (27)]
 10224 | D:10     | Slain by a two-headed ogre

Illustrated notes

Levels and vault maps discovered:
D:1:      lemuel_arrival_room, layout_basic
D:2:      kb_forest_paths, layout_basic, chequers_serial_rivers_small_b,
          uniq_crazy_yiuf_cottage
D:3:      minmay_spotlight, layout_rooms
D:4:      layout_rooms, uniq_robin, uniq_natasha
D:5:      layout_loops_cross, nicolae_overflow_hidden_temple,
          nicolae_uskayaw_suspiria, temple_statues
D:6:      layout_loops_ring, nemelex_dance_club_becter, serial_shops, shop,
          grunt_ministairs_4, minivault_25
D:7:      layout_gridville, kennysheep_mini_moat
D:8:      layout_rooms, mainiacjoe_overflow_divided_tiny, serial_curves,
          eino_curves_04, eino_curves_02, minmay_misc_feat_room
D:9:      layout_gridville, lair_entry_dummy, uniq_grum
D:10:     minmay_the_grid_octo_tiled_squarecenter [minmay_the_grid_octo_shrine,
          minmay_the_grid_octo_vomiting_pacman,
          minmay_the_grid_octo_fat_diamond, minmay_the_grid_octo_toaster,
          minmay_the_grid_square_5x5_megaprize_open,
          minmay_the_grid_square_5x5_checkered,
          minmay_the_grid_square_5x5_slash, minmay_the_grid_square_5x5_three,
          minmay_the_grid_square_5x5_fancy_junction], layout_loops_ring,
          kennysheep_crisscross

Skill      XL: |  1  2  3  4  5  6  7  8  9 10 |
---------------+-------------------------------+-----
Fighting       | 4 5 6 7 8 |  8.2
Axes           | 3 4 5 6 7 9 10 12 | 12.8
Armour         | 4 5 6 7 8 |  8.9
Shields        | 4 6 7 9 |  9.2
Invocations    | 1 3 4 |  4.8
Dodging        | 1 2 |  2.1
Evocations     | 1 |  1.0

Action                     |  1- 3 |  4- 6 |  7- 9 | 10-12 || total
---------------------------+-------+-------+-------+-------++-------
  Melee: War axe           |   143 |   181 |       |       ||   324
         Hand axe          |       |    13 |   259 |   202 ||   474
 Invoke: Convert to Beogh  |       |     1 |       |       ||     1
  Evoke: Wand              |       |       |     5 |       ||     5
    Use: Scroll            |     2 |       |       |    11 ||    13
         Potion            |       |       |     2 |     5 ||     7
 Armour: Scale mail        |    75 |   101 |    24 |       ||   200
         Plate armour      |       |       |   150 |   107 ||   257
  Dodge: Dodged            |    75 |    92 |    61 |    28 ||   256
  Block: Buckler           |    26 |    57 |    12 |       ||    95
         Tower shield      |       |       |   208 |   148 ||   356

Table legend: (Time is in decaauts)
 A = Elapsed time spent in this place.
 B = Non-inter-level travel time spent in this place.
 C = Inter-level travel time spent in this place.
 D = Time resting spent in this place.
 E = Time spent auto-exploring this place.
 F = Levels seen in this place.
 G = Mean time per level.
                   A        B        C        D        E       F      G
               +--------+--------+--------+--------+--------+-----+--------+
         Total |  10478 |   9217 |   1261 |    119 |   7215 |  10 | 1047.8 |
       Dungeon |  10478 |   9217 |   1261 |    119 |   7215 |  10 | 1047.8 |
               +--------+--------+--------+--------+--------+-----+--------+

Top non-repeatable levels by time:
     D:7: 1514 daAuts
     D:6: 1288 daAuts
     D:9: 1188 daAuts
     D:2: 1168 daAuts
     D:5: 1106 daAuts
     D:4: 1015 daAuts
     D:1: 968 daAuts
     D:8: 872 daAuts
     D:3: 731 daAuts
    D:10: 623 daAuts
